 Dungeon Crawl Stone Soup version 0.28.0-53-g5a82cb258f (webtiles) character file.

Game seed: 6339155971477226297

8535 SanguineChosen the Covert (level 11, 0/56 HPs)
             Began as a Spriggan Brigand on June 27, 2022.
             Succumbed to a black mamba's poison
             ... on level 2 of the Lair of Beasts.
             The game lasted 01:08:46 (14432 turns).

SanguineChosen the Covert (Spriggan Brigand)       Turns: 14432, Time: 01:08:46

Health: 0/56       AC:  7    Str:  7    XL:     11   Next: 11%
Magic:  12/12      EV: 27    Int: 13    God:
Gold:   29         SH:  0    Dex: 27    Spells: 9/10 levels left

rFire   . . .      SeeInvis +   l - +1 short sword (venom)
rCold   . . .      Faith    .   (no shield)
rNeg    . . .      Spirit   .   b - +0 robe
rPois   .          Reflect  .   K - +0 hat {SInv}
rElec   .          Harm     .   c - +0 cloak
rCorr   .          Rampage  .   (gloves unavailable)
Will    +....                   (boots unavailable)
Stlth   ++++++....              (no amulet)
HPRegen 0.18/turn               x - +6 ring of dexterity
MPRegen 0.13/turn               t - +4 ring of protection

@: lethally poisoned (0 -> -1), invisible, very quick
A: very small, no large weapons, unfitting armour, see invisible, speed 3
a: no special abilities


You were on level 2 of the Lair of Beasts.
You visited 2 branches of the dungeon, and saw 11 of its levels.

You collected 548 gold pieces.
You spent 519 gold pieces at shops.

Inventory:

Hand Weapons
 a - a +2 dagger
 l - a +1 short sword of venom (weapon)
 m - a +1 short sword of flaming
 r - a +2 dagger of flaming
 E - a +0 flail
 F - a +2 hunting sling of flaming
 J - a +4 whip of venom
Missiles
 C - a curare-tipped dart
 H - a throwing net
 I - 4 poisoned darts (quivered)
Armour
 b - a +0 robe (worn)
 c - a +0 cloak (worn)
 K - a +0 hat of see invisible (worn)
Magical Staves
 w - a staff of poison
Jewellery
 n - a ring of flight
 t - a +4 ring of protection (right hand)
 x - a +6 ring of dexterity (left hand)
 z - a ring of fire
 D - a ring of positive energy
 L - a +6 ring of strength
 M - the ring of Waotoq {rCorr Int+5 Dex+2}
   (You bought it in a shop on level 4 of the Dungeon)

   [ring of resist corrosion]

   Int:       It affects your intelligence (+5).
   Dex:       It affects your dexterity (+2).
   rCorr:     It protects you from acid and corrosion.
Wands
 q - a wand of charming (19)
 v - a wand of paralysis (5)
 y - a wand of flame (12)
Scrolls
 d - 2 scrolls of summoning {unknown}
 g - a scroll of silence
 i - 5 scrolls of teleportation {unknown}
 j - a scroll of magic mapping {unknown}
 o - a scroll of amnesia {unknown}
 s - 8 scrolls of identify {unknown}
 u - a scroll of immolation {unknown}
 A - a scroll of holy word {unknown}
Potions
 e - a potion of cancellation {unknown}
 f - 2 potions of heal wounds {unknown}
 h - a potion of curing {unknown}
 k - 3 potions of attraction {unknown}
 p - 4 potions of haste {unknown}
Miscellaneous
 G - a condenser vane


   Skills:
 + Level 5.5 Fighting
 + Level 11.1 Short Blades
 + Level 8.5 Throwing
 + Level 8.8 Dodging
 + Level 12.0 Stealth
 + Level 1.7 Evocations


You had 9 spell levels left.
You knew the following spells:

 Your Spells              Type           Power      Damage    Failure   Level
a - Foxfire               Conj/Fire      0%         2x1d4     30%         1

Your spell library contained the following spells:

 Spells                   Type           Power      Damage    Failure   Level
 Conjure Flame            Conj/Fire      0%         6-21      67%         3
 Inner Flame              Hex/Fire       0%         N/A       67%         3
 Flame Wave               Conj/Fire      0%         2d4       97%         4


Dungeon Overview and Level Annotations

Branches:
Dungeon (9/15)             Temple (0/1) D:6            Lair (2/6) D:9
  Swamp: Lair:2-4    Shoals: Lair:2-4     Snake: Lair:2-4    Spider: Lair:2-4
    Orc: D:9-12

Altars:
Qazlal
The Shining One

Shops:
D:4 *


Innate Abilities, Weirdness & Mutations

You are very small and have problems with some larger weapons.
You are too small for most types of armour.
You have supernaturally acute eyesight. (SInv)
You cover ground extremely quickly. (Speed+++)


Message History

The black mamba is lightly wounded.
You feel very sick. The black mamba completely misses you.
You hit the black mamba.
The black mamba is moderately wounded.
You feel sick. The black mamba misses you.
You hit the black mamba.
The black mamba looks as sick as possible!
The black mamba is heavily wounded.
* * * LOW HITPOINT WARNING * * *
You feel sick. The black mamba closely misses you.
You fade into invisibility!
* * * LOW HITPOINT WARNING * * *
You feel very sick.
The black mamba completely misses you. x2
* * * LOW HITPOINT WARNING * * *
You feel sick.
* * * LOW HITPOINT WARNING * * *
You feel sick.
* * * LOW HITPOINT WARNING * * *
You feel sick.
* * * LOW HITPOINT WARNING * * *
You feel sick.
* * * LOW HITPOINT WARNING * * *
You feel sick.
* * * LOW HITPOINT WARNING * * *
You feel sick.
* * * LOW HITPOINT WARNING * * *
You feel sick.
You kill the black mamba!
Your Stealth skill increases to level 12!
* * * LOW HITPOINT WARNING * * *
You feel sick.
* * * LOW HITPOINT WARNING * * *
You feel sick.
There is a stone staircase leading down, spattered with blood here.
* * * LOW HITPOINT WARNING * * *
You feel sick.
You climb downwards.
You die...

#### ##
##..##.###P
##..........
#P.P......P
#...#..#.#.
#..@.......
#..#.P......
##......#.#.
#..#.##.#
##.#.# ... #
... #... ...
)#. ... .
....#


There were no monsters in sight!

Vanquished Creatures
  Harold (D:7)
  A boulder beetle (D:9)
  A lindwurm (D:9)
  A black mamba (Lair:1)
  A rime drake (Lair:1)
  A troll (D:9)
  3 blink frogs (Lair:1)
  Sigmund (D:2)
  A jumping spider (D:9)
  A wraith (D:9)
  2 yaks (D:9)
  A basilisk (Lair:1)
  3 redbacks (D:9)
  3 orc warriors
  4 water moccasins
  A black bear (D:9)
  5 sky beasts
  An ice beast (D:5)
  2 ogres
  5 centaurs
  3 kobold brigands
  2 gnoll sergeants
  5 bullfrogs
  4 scorpions
  9 killer bees
  4 jellies
  2 lava snakes (D:9)
  2 centaur zombies (D:7)
  A hound (D:4)
  2 orc priests
  A bullfrog skeleton (D:3)
  A gnoll shaman (D:6)
  A scorpion zombie (D:5)
  Jessica (D:2)
  Natasha (thrice) (D:3)
  An iguana (D:5)
  4 orc wizards
  A killer bee zombie (D:7)
  3 hound skeletons
  Robin (D:2)
  2 adders (D:3)
  13 gnolls
  A howler monkey skeleton (D:5)
  2 shadow imps (D:5)
  2 white imps
  A worm (D:3)
  2 dart slugs
  30 orcs
  4 ball pythons
  7 endoplasms
  3 giant cockroaches
  14 goblins
  15 hobgoblins
  5 jackals
  14 kobolds
  A quokka (D:1)
  2 bats
  4 frilled lizards
  A quokka skeleton (D:4)
  5 rats
218 creatures vanquished.

Vanquished Creatures (others)
  35 fungi
  31 plants (D:9)
66 creatures vanquished.

Grand Total: 284 creatures vanquished

Notes
Turn   | Place    | Note
-------+----------+-------------------------------------------
     0 | D:1      | SanguineChosen the Spriggan Brigand began the quest for the
                  | Orb.
     0 | D:1      | Reached XP level 1. HP: 10/10 MP: 2/2
    53 | D:1      | Reached skill level 6 in Stealth
    67 | D:1      | Reached XP level 2. HP: 14/15 MP: 3/3
   682 | D:1      | Found a faded altar of an unknown god.
   713 | D:1      | Reached XP level 3. HP: 18/18 MP: 4/4
  1517 | D:2      | Found a glowing golden altar of the Shining One.
  1936 | D:2      | Noticed Robin
  1945 | D:2      | Killed Robin
  1946 | D:2      | Reached XP level 4. HP: 19/23 MP: 5/5
  2053 | D:2      | Noticed Jessica
  2059 | D:2      | Killed Jessica
  2060 | D:2      | Reached skill level 7 in Stealth
  2221 | D:2      | Noticed Sigmund
  2236 | D:2      | Killed Sigmund
  2237 | D:2      | Reached XP level 5. HP: 16/26 MP: 6/6
  2237 | D:2      | Reached XP level 6. HP: 18/30 MP: 7/7
  2877 | D:3      | Noticed Natasha
  2885 | D:3      | Killed Natasha
  2954 | D:3      | Noticed Natasha
  2961 | D:3      | Killed Natasha
  3026 | D:3      | Noticed Natasha
  3827 | D:3      | Killed Natasha
  4112 | D:4      | Reached skill level 5 in Short Blades
  4199 | D:4      | HP: 1/48 [hound (3)]
  4203 | D:4      | Reached XP level 7. HP: 1/35 MP: 8/8
  4733 | D:4      | Reached skill level 8 in Stealth
  5096 | D:4      | Found Hegicur's General Store.
  5104 | D:4      | Bought 4 poisoned darts for 19 gold pieces
  5759 | D:5      | Entered Level 5 of the Dungeon
  5975 | D:5      | Reached XP level 8. HP: 40/40 MP: 9/9
  6892 | D:5      | Reached skill level 5 in Throwing
  7406 | D:5      | Reached skill level 9 in Stealth
  7597 | D:5      | Learned a level 1 spell: Foxfire
  7683 | D:6      | Reached skill level 5 in Dodging
  8252 | D:6      | Reached skill level 1 in Evocations
  8289 | D:6      | Found a staircase to the Ecumenical Temple.
  8536 | D:6      | Reached XP level 9. HP: 35/45 MP: 10/10
 10500 | D:7      | Noticed Harold
 10578 | D:7      | Killed Harold
 10623 | D:7      | HP: 2/46 [orc priest/divine providence (15)]
 10925 | D:8      | Identified the +1 leather armour of Ibeudoutt {rF+ rC- rN+}
 11329 | D:8      | Reached skill level 10 in Short Blades
 11539 | D:9      | Reached XP level 10. HP: 41/51 MP: 11/11
 11896 | D:9      | Reached skill level 10 in Stealth
 11931 | D:9      | Found a staircase to the Lair.
 12111 | D:9      | Found a stormy altar of Qazlal.
 12374 | D:9      | Reached skill level 5 in Fighting
 12491 | D:9      | Found a runed translucent door.
 12590 | D:9      | Found a runed translucent gate.
 12590 | D:9      | Found a runed translucent gate.
 12590 | D:9      | Found a runed translucent gate.
 12590 | D:9      | Found a runed translucent gate.
 12590 | D:9      | Noticed a boulder beetle
 12591 | D:9      | Found a runed translucent gate.
 12593 | D:9      | Found a runed translucent gate.
 12593 | D:9      | Noticed a lindwurm
 12620 | D:9      | Killed a boulder beetle
 12621 | D:9      | Reached skill level 11 in Stealth
 13180 | D:9      | Killed a lindwurm
 13613 | Lair:1   | Entered Level 1 of the Lair of Beasts
 13728 | D:4      | Bought the ring of Waotoq {rCorr Int+5 Dex+2} for 500 gold
                  | pieces
 14136 | Lair:1   | Reached XP level 11. HP: 56/56 MP: 12/12
 14428 | Lair:1   | Reached skill level 12 in Stealth
 14430 | Lair:1   | HP: 2/56 [poisoned by a black mamba]
 14432 | Lair:2   | Succumbed to a black mamba's poison

Illustrated notes

Levels and vault maps discovered:
D:1:      lightli_arrival_quake, layout_basic, ebering_ecumenical_altar_webs
D:2:      layout_basic, basic_altar, uniq_robin, uniq_sigmund, uniq_jessica
D:3:      layout_basic, minmay_goblin_outpost, uniq_natasha
D:4:      layout_cave_pools, serial_shops, nicolae_shop_trees, kennysheep_nub
D:5:      layout_loops_corners
D:6:      layout_gridville, minmay_temple_entry_mini_moons, skrybe_limestone_x,
          kennysheep_potato
D:7:      layout_loops_corners, bh_walls_and_bars, uniq_harold
D:8:      layout_rooms
D:9:      gammafunk_indiana_jones, layout_basic, nicolae_overflow_crystal_walls,
          due_lair_maze_entry_diamond
Lair:1:   layout_regular_city, chequers_serial_rivers_small_3,
          lemuel_fruit_fields, grunt_megastairs_1
Lair:2:   beast_lair_carwin_large_1, layout_long_grid, dummy_snake_entry,
          chequers_serial_rivers_large_b

Skill      XL: |  1  2  3  4  5  6  7  8  9 10 11 |
---------------+----------------------------------+-----
Stealth        | 6 7 8 9 11 12 | 12.0
Short Blades   | 3 4 5 6 8 10 11 | 11.1
Fighting       | 2 3 4 5 |  5.5
Throwing       | 3 4 5 6 8 |  8.5
Dodging        | 2 3 5 7 8 |  8.8
Evocations     | 1 |  1.7

Action                   |  1- 3 |  4- 6 |  7- 9 | 10-12 || total
-------------------------+-------+-------+-------+-------++-------
Melee: Dagger            |   107 |       |       |       ||   107
       Punch             |     1 |       |     5 |     6 ||    12
       Short sword       |    27 |    99 |   417 |   208 ||   751
Throw: Dart              |    46 |    35 |    71 |    38 ||   190
       Throwing net      |       |       |     2 |     3 ||     5
Evoke: Wand              |       |       |     7 |     1 ||     8
  Use: Potion            |       |     2 |     1 |     2 ||     5
       Scroll            |       |       |     1 |       ||     1
 Stab: Sleeping          |     5 |     3 |    15 |     5 ||    28
       Held in net/web   |       |       |       |     1 ||     1
Armor: Robe              |    16 |    11 |    42 |     9 ||    78
       Skin              |       |     5 |     5 |       ||    10
Dodge: Dodged            |    87 |    64 |   341 |   143 ||   635
